 Dungeon Crawl Stone Soup version 0.16-a0-2736-g1697cd3 (console) character file.

32 Fusha the Conjurer (level 3, 0/21 HPs)
             Began as a Halfling Conjurer on Nov 26, 2014.
             Slain by Jessica
             ... wielding a +0 dagger of venom
              (1 damage)
             ... on level 2 of the Dungeon.
             The game lasted 00:06:34 (1600 turns).

Fusha the Conjurer (Halfling Conjurer)              Turns: 1600, Time: 00:06:34

Health: 0/21       AC:  3    Str:  8    XL:     3   Next: 42%
Magic:  1/6        EV: 12    Int: 19    God:
Gold:   48         SH:  0    Dex: 15    Spells: 1 memorised, 5 levels left

rFire  + . .     SeeInvis .     g - +0 short sword
rCold  + . .     Clarity  .     h - +0 leather armour
rNeg   . . .     SustAb   .     (no shield)
rPois  +         Gourm    .     (no helmet)
rElec  +         Spirit   .     (no cloak)
rCorr  +         Warding  .     (no gloves)
rMut   .         Stasis   .     (no boots)
MR     .....                    (no amulet)
Stlth  +.........               (no ring)
                                e - ring of loudness (curse)

@: brilliant, lethally poisoned, resistant, very slightly contaminated, not
resistant to hostile enchantments, very unstealthy
A: mutation resistance 1
a: no special abilities


You were on level 2 of the Dungeon.
You were hungry.

You visited 1 branch of the dungeon, and saw 2 of its levels.

You collected 48 gold pieces.

Inventory:

Hand weapons
 g - a +0 short sword (weapon)
 i - a +0 club
Missiles
 d - 13 stones (quivered)
Armour
 a - a +0 robe
 h - a +0 leather armour (worn)
Jewellery
 e - a cursed ring of loudness (left hand)
Scrolls
 k - 2 scrolls of random uselessness {unknown}
 n - a scroll of teleportation {unknown}
 p - a scroll of fog
 r - a scroll of noise {unknown}
Potions
 j - a potion of resistance
 o - a potion of restore abilities {unknown}
Books
 c - a book of Conjurations

   Spells                             Type                      Level
   *Magic Dart                        Conjuration                  1
   Searing Ray                        Conjuration                  2
   Dazzling Spray                     Conjuration/Hexes            3
   Fulminant Prism                    Conjuration/Hexes            4
   Iskenderun's Mystic Blast          Conjuration                  4
   Iskenderun's Battlesphere          Conjuration/Charms           5
Comestibles
 b - a bread ration
 f - a meat ration
 m - 4 fruits
 q - 3 chunks of flesh


   Skills:
 * Level 0.6 Short Blades
 + Level 1.0 Throwing
 * Level 2.8 Dodging
 + Level 2.7 Stealth
 + Level 2.0 Spellcasting
 + Level 3.2 Conjurations


You had 5 spell levels left.
You knew the following spells:

 Your Spells              Type           Power        Failure   Level  Hunger
a - Magic Dart            Conj           ####         1%          1    #......


Dungeon Overview and Level Annotations

Branches:
Dungeon (2/15)

Altars:

Annotations:
D:1 stuff behind rock
D:2 Jessica


Innate Abilities, Weirdness & Mutations

You are small and have problems with some larger weapons.
You are somewhat resistant to further mutation.


Message History

You hit Jessica.
Jessica is severely wounded.
You feel sick.
Jessica hits you with a dagger of venom.
* * * LOW HITPOINT WARNING * * *
You are more poisoned.
Drink which item? (? for menu, Esc to quit)
You feel protected.
It was a potion of resistance.
* * * LOW HITPOINT WARNING * * *
You feel sick.
Jessica gestures wildly while chanting.
Jessica seems to speed up.
Drink which item? (? for menu, Esc to quit)
You feel clever all of a sudden.
It was a potion of brilliance.
* * * LOW HITPOINT WARNING * * *
You feel sick.
Jessica hits you with a dagger of venom.
You die...

#.# #.. #.###.. #
#......... #.........
#...♣♣P.♣P #...♣♣...♣
#..P♣♣.≈.♣
#.##########...♣.≈≈≈.
#)..@@(...#.....≈≈⌠≈≈
......()#####........≈≈≈.
...#..# #..#..P♣♣.≈.♣ #
#.# #..#..P♣♣♣.♣♣ #..
#..#..P..♣.♣P #.
............. #
##..#.........
#...........#
##.#####.###.


You could see Jessica.

Vanquished Creatures
  A worm (D:2)
  An ooze (D:1)
  A giant cockroach (D:2)
  3 goblins
  4 hobgoblins
  6 kobolds
  5 bats (D:1)
  4 rats (D:1)
25 creatures vanquished.

Notes
Turn   | Place    | Note
--------------------------------------------------------------
     0 | D:1      | Fusha, the Halfling Conjurer, began the quest for the Orb.
     0 | D:1      | Reached XP level 1. HP: 11/11 MP: 2/2
   587 | D:1      | Reached XP level 2. HP: 12/17 MP: 3/3
  1350 | D:2      | Reached XP level 3. HP: 8/21 MP: 1/5
  1517 | D:2      | Reached skill level 1 in Throwing
  1582 | D:2      | Noticed Jessica
  1600 | D:2      | HP: 1/21 [poisoned by Jessica]
  1600 | D:2      | Slain by Jessica

Action                   || total
-------------------------++-------
Melee: Unarmed           ||    31
       Club              ||    22
       Short sword       ||    46
Throw: Stone             ||    45
 Cast: Magic Dart        ||    12
  Use: Scroll            ||     1
       Potion            ||     2
  Eat: Chunk             ||     2
